 Dungeon Crawl Stone Soup version 0.19.5 (webtiles) character file.

628 Haldmier the Slasher (level 7, -3/45 HPs)
             Began as a High Elf Skald on Mar 19, 2017.
             Killed by divine providence
             ... invoked by an orc priest
              (14 damage)
             ... on level 4 of the Dungeon.
             The game lasted 00:20:41 (5511 turns).

Haldmier the Slasher (High Elf Skald)               Turns: 5511, Time: 00:20:42

Health: -3/45      AC:  5    Str: 13    XL:     7   Next: 23%
Magic:  3/13       EV: 11    Int: 16    God:
Gold:   147        SH:  0    Dex: 15    Spells: 4 memorised, 4 levels left

rFire  . . .     SeeInvis .     t - +2 dagger (venom)
rCold  . . .     Gourm    .     b - +0 leather armour
rNeg   . . .     Faith    .     (no shield)
rPois  .         Spirit   .     C - +0 helmet
rElec  .         Reflect  .     (no cloak)
rCorr  .         Harm     .     (no gloves)
MR     .....                    l - +0 pair of boots
Stlth  +.........               (no amulet)
                                (no ring)
                                (no ring)

@: no status effects
A: no striking features
a: no special abilities


You were on level 4 of the Dungeon.
You were not hungry.

You visited 1 branch of the dungeon, and saw 4 of its levels.

You collected 147 gold pieces.

Inventory:

Hand Weapons
 a - a +0 falchion
 t - a +2 dagger of venom (weapon)
 y - a +1 mace of draining
 B - a +0 hunting sling
 E - a +1 short sword of holy wrath
 F - a +1 dagger of venom
Missiles
 g - 109 stones
 q - 11 tomahawks (quivered)
Armour
 b - a +0 leather armour (worn)
 l - a +0 pair of boots (worn)
 s - a +0 ring mail
 C - a +0 helmet (worn)
Jewellery
 v - an uncursed ring of protection from magic {unknown}
Scrolls
 e - 5 scrolls of identify {unknown}
 f - a scroll of fog {unknown}
 j - a scroll of fear {unknown}
 m - 3 scrolls of remove curse {unknown}
 p - a scroll of recharging {unknown}
 r - a scroll of random uselessness {unknown}
 u - 3 scrolls of enchant weapon {unknown}
 x - a scroll of teleportation {unknown}
 D - a scroll of noise {unknown}
Potions
 h - 2 potions of mutation {unknown}
 i - 2 potions of curing {unknown}
 k - a potion of invisibility {unknown}
 w - a potion of resistance {unknown}
 z - a potion of cancellation {unknown}
Books
 c - a book of Battle

   Spells                             Type                      Level
   a - Infusion                       Charms                       1
   b - Shroud of Golubria             Charms/Translocation         2
   c - Song of Slaying                Charms                       2
   d - Spectral Weapon                Hexes/Charms                 3
   e - Regeneration                   Charms/Necromancy            3
Comestibles
 d - 4 bread rations
 n - a beef jerky
 o - a slice of pizza
 A - 2 fruits
 G - a chunk of flesh


   Skills:
 + Level 2.5 Fighting
 + Level 1.0(3.8) Short Blades
 - Level 5.9(6.0) Long Blades
 - Level 0.8 Armour
 - Level 1.1 Dodging
 + Level 3.5 Spellcasting
 + Level 3.8 Hexes
 - Level 3.6 Charms
 + Level 1.2 Necromancy
 + Level 3.1 Translocations


You had 4 spell levels left.
You knew the following spells:

 Your Spells              Type           Power        Failure   Level  Hunger
a - Infusion              Chrm           ##..         6%          1    None
b - Shroud of Golubria    Chrm/Tloc      ##........   12%         2    ##.....
c - Spectral Weapon       Hex/Chrm       ##......     17%         3    ###....
d - Regeneration          Chrm/Necr      ##........   28%         3    ###....


Dungeon Overview and Level Annotations

Branches:
Dungeon (4/15)
 Temple: D:4-7

Altars:


Message History

You now have 2/13 mp.
You are no longer magically infusing your attacks.
The orc barely misses you.
You hit the orc.
The orc is poisoned.
The orc is severely wounded.
The orc hits you with a trident.
You take 6 damage, and have 22/45 hp.
You hit the orc.
You kill the orc!
An orc priest comes into view. It is wielding a short sword.
You see here a trident.
The orc priest shouts!
The orc priest calls down the wrath of Beogh upon you.
Pain shoots through your body!
* * * LOW HITPOINT WARNING * * *
You take 11 damage, and have 11/45 hp.
MASSIVE DAMAGE!!
An orc priest comes into view. It is wielding a whip.
The orc priest calls down the wrath of Beogh upon you.
Beogh smites you!
You die...

..............................###
....<.........................#
..............................#
..)...........................#
.........[....................#
.....#####....................##
.....#...#.............####+##..
.....#...'.............#.......#.
######...#.....<@....o.#.......#
.......#####)#)....)>o.......#.
.......#...[.#.......#.###+###.
.......#.....#.)...###.#.......
.......#.....#.....#...o.......
..###+###....#.....#...#.......
.. #....#.....#...#ho.....
+....#.....#...#)......
#....#.....#...#.......


You could see 2 orc priests.

Vanquished Creatures
  Duvessa (D:4)
  An ogre (D:4)
  Dowan (D:4)
  A howler monkey (D:4)
  An orc priest (D:4)
  3 orc wizards
  A worker ant (D:4)
  Robin (D:4)
  A gnoll (D:1)
  3 adders
  2 oozes
  An adder skeleton (D:4)
  3 worms (D:2)
  4 dart slugs
  3 leopard geckos
  17 orcs
  A ball python (D:2)
  11 bats
  4 giant cockroaches
  15 goblins
  16 hobgoblins
  7 frilled lizards
  7 kobolds
  13 rats
118 creatures vanquished.

Notes
Turn   | Place    | Note
-------+----------+-------------------------------------------
     0 | D:1      | Haldmier the High Elf Skald began the quest for the Orb.
     0 | D:1      | Reached XP level 1. HP: 14/14 MP: 4/4
   164 | D:1      | Reached skill level 3 in Long Blades
   286 | D:1      | Reached XP level 2. HP: 11/19 MP: 4/6
   756 | D:1      | Reached skill level 4 in Long Blades
   810 | D:1      | Learned a level 2 spell: Shroud of Golubria
  1013 | D:1      | Reached skill level 1 in Translocations
  1013 | D:1      | Reached XP level 3. HP: 22/24 MP: 1/7
  1371 | D:1      | Learned a level 3 spell: Spectral Weapon
  1989 | D:2      | Reached XP level 4. HP: 25/29 MP: 2/8
  2094 | D:2      | Reached skill level 1 in Hexes
  3266 | D:3      | Reached skill level 5 in Long Blades
  3266 | D:3      | Reached XP level 5. HP: 28/34 MP: 2/9
  4156 | D:3      | Learned a level 3 spell: Regeneration
  4207 | D:4      | Noticed Robin
  4349 | D:4      | Killed Robin
  4624 | D:4      | Noticed an ogre
  4638 | D:4      | Killed an ogre
  4638 | D:4      | Reached XP level 6. HP: 27/39 MP: 3/11
  4810 | D:4      | Noticed Duvessa
  4814 | D:4      | Noticed Dowan
  4840 | D:4      | Killed Duvessa
  4840 | D:4      | Reached skill level 1 in Necromancy
  4980 | D:4      | Killed Dowan
  5257 | D:4      | Reached XP level 7. HP: 23/45 MP: 1/12
  5476 | D:3      | Reached skill level 1 in Short Blades
  5511 | D:4      | Killed from afar by an orc priest

Skill      XL: |  1  2  3  4  5  6  7 |
---------------+----------------------+-----
Long Blades    | 3 4 5 |  5.9
Translocations | 1 2 3 |  3.1
Hexes          | 2 3 |  3.8
Spellcasting   | 3 |  3.5
Necromancy     | 1 |  1.2
Short Blades   | 1 |  1.0
Fighting       | |  2.5
Armour         | |  0.8
Dodging        | |  1.1
Charms         | |  3.6

Action                   |  1- 3 |  4- 6 |  7- 9 || total
-------------------------+-------+-------+-------++-------
Melee: Falchion          |    89 |   166 |       ||   255
       Dagger            |       |    13 |    27 ||    40
Throw: Stone             |     1 |     4 |       ||     5
 Cast: Infusion          |    20 |    26 |     1 ||    47
       Shroud of Golubri |     4 |    21 |     2 ||    27
       Spectral Weapon   |       |     7 |       ||     7
       Regeneration      |       |     4 |       ||     4
 Stab: Sleeping          |     1 |       |       ||     1
  Eat: Chunk             |     4 |    13 |     2 ||    19
Armor: Leather armour    |    12 |    33 |     6 ||    51
Dodge: Dodged            |    38 |    94 |    13 ||   145
       Rpst.: Falchion   |    12 |    31 |       ||    43
